Unix NetHack Version 3.7.0-71 Work-in-progress - last build Jan 31 2023 02:41:03 (7ba98a1283f2b7cec35fde026edb48fc825ab8ae,branch:master). Game began 2023-02-08 12:52:12, ended 2023-02-08 22:07:55. galadriel, neutral female human Priestess ---- |.%---------- |.[.........| |.-----(....| --.| |..)..| |..----|.)...| |.fg@^<|.....| |---------.--- |..--->---..| |...........| |.00.----...| |....| |...| ------ ----- Galadriel the Adept St:13 Dx:16 Co:16 In:11 Wi:16 Ch:9 Neutral S:4188 Dlvl:7 $:0 HP:0(43) Pw:53(76) AC:0 Xp:7/878 T:8119 Burdened Blind Latest messages: You are still in a pit. You crawl to the edge of the pit. You hear some noises. You miss the gargoyle. The gargoyle hits! The gargoyle misses! The gargoyle bites! You miss the gargoyle. The gargoyle misses! The gargoyle misses! The gargoyle bites! You fail to cast the spell correctly. The gargoyle hits! The gargoyle hits! The gargoyle just misses! Are you sure you want to pray? [yn] (n) y You begin praying to Mog. The gargoyle starts to attack you, but pulls back. The gargoyle starts to attack you, but pulls back. The gargoyle starts to attack you, but pulls back. You finish your prayer. You feel that Mog is well-pleased. In what direction? . You feel better. The gargoyle misses! The gargoyle misses! The gargoyle bites! In what direction? . You feel better. The gargoyle hits! The gargoyle hits! The gargoyle bites! The gargoyle hits! The gargoyle hits! The gargoyle bites! You hear some noises. You fail to cast the spell correctly. In what direction? . You feel better. The gargoyle misses! The gargoyle hits! The gargoyle bites! You miss the gargoyle. The gargoyle hits! You die... Do you want your possessions identified? [ynq] (y) y Do you want to see your attributes? [ynq] (y) y Do you want an account of creatures vanquished? [ynaq] (y) y Do you want to see your conduct and achievements? [ynq] (y) y Do you want to see the dungeon overview? [ynq] (y) y Inventory: Weapons E - a blessed +1 dart f - 2 blessed +0 darts j - 24 +0 darts (at the ready) s - a blessed rustproof +1 mace (weapon in hand) Armor r - a blessed +3 orcish helm (being worn) Q - a blessed +0 pair of iron shoes (being worn) c - a +0 small shield (being worn) R - a +0 studded leather armor (being worn) Comestibles d - a cram ration e - a food ration Z - a lembas wafer Scrolls b - 2 scrolls of earth Potions X - a potion of hallucination Rings Y - a cursed ring of aggravate monster Wands a - a wand of digging (0:4) Tools i - a sack containing 24 items k - a skeleton key Contents of the sack: 276 gold pieces a blessed +2 dart a +2 dart 2 poisoned +0 darts 2 tins of spinach a scroll of blank paper 3 cursed scrolls of blank paper a cursed scroll of identify a potion of acid a potion of blindness a potion of extra healing 2 potions of healing a potion of object detection a potion of paralysis a potion of speed 4 potions of holy water a potion of water 2 agate stones 2 jasper stones a worthless piece of black glass 3 worthless pieces of red glass 3 worthless pieces of violet glass 2 worthless pieces of white glass a worthless piece of yellow glass Galadriel the Priestess's attributes: Background: You were an Adept, a level 7 human Priestess. You were neutral, on a mission for Mog who was opposed by Issek (lawful) and Kos (chaotic). You were in Sokoban, on level 7. You entered the dungeon 8119 turns ago. It was nighttime. You had 878 experience points, 402 more were needed to attain level 8. Your score was 4188 before end-of-game adjustments. Basics: You had 0 out of 43 hit points. You had 53 out of 76 energy points (spell power). Your armor class was 0. Your wallet was empty, but you had 276 zorkmids stashed away in your pack. Autopickup was off. Final Characteristics: Your strength was 13 (limit:18/100). Your dexterity was 16 (limit:18). Your constitution was 16 (limit:18). Your intelligence was 11 (limit:18). Your wisdom was 16 (peak:18, limit:18). Your charisma was 9 (limit:18). Final Status: You were temporarily blind. You were not hungry. You were burdened; movement was slightly slowed. You were wielding a mace. You were skilled in mace. Final Attributes: You were piously aligned. You were telepathic. You were warded. You are dead. Miscellaneous: You never encountered a bones level. Total elapsed playing time was 2 hours, 23 minutes and 5 seconds. Major events: Turn 1: galadriel the neutral human Priestess entered the dungeon 1486: attained the rank of Acolyte (level 3) 2084: entered the Gnomish Mines 5821: reached Mine Town 5838: attained the rank of Adept (level 6) 7723: entered Sokoban 8119: killed by a gargoyle Vanquished creatures: a small mimic a warhorse an elf mummy an ettin zombie 2 watchmen 2 wolves 2 ice vortices 2 gnome rulers an owlbear a lizard a housecat a dust vortex a snake an ape a bugbear a mountain nymph 2 Uruk-hai 2 rock piercers a pony 2 fog clouds 2 yellow lights a shrieker 8 gnome leaders 2 gnomish wizards a paper golem a giant ant a little dog 4 floating eyes 3 kittens 9 dwarves 4 hill orcs a rothe a rabid rat a centipede 4 giant bats a monkey an orc zombie 3 wererats 3 iguanas 3 acid blobs 6 coyotes 5 hobbits 11 manes a large kobold 3 giant rats 2 cave spiders a yellow mold a red mold 28 gnomes 2 gnome zombies 4 geckos 13 jackals a fox 3 goblins 2 sewer rats 5 grid bugs 5 lichens 3 kobold zombies 10 newts 187 creatures vanquished. No species were genocided or became extinct. Voluntary challenges: You read items or engraved 4 times. You never engraved Elbereth. You never genocided any monsters. You never polymorphed an object. You never changed form. You used no wishes. You did not violate any of the special Sokoban rules. Achievements: You attained the rank of Acolyte. You entered a shop. You entered the Gnomish Mines. You entered Minetown. You attained the rank of Adept. You entered a temple. You entered Sokoban. The Dungeons of Doom: levels 1 to 8 Level 1: Some fountains. Level 2: Some fountains, some graves. Level 3: An armor shop, many fountains, a sink. Level 4: Stairs down to The Gnomish Mines. Level 5: "vault" A general store, a fountain, a grave. Level 6: Level 7: Level 8: Some fountains. Stairs up to Sokoban, level 7. The Gnomish Mines: levels 5 to 9 Level 5: Level 6: Level 7: Level 8: Many shops, a temple, some fountains. Level 9: Sokoban: Level 7: <- You were here. Unsolved. Final resting place for you, killed by a gargoyle. Game over: ---------- / \ / REST \ / IN \ / PEACE \ / \ | galadriel | | 276 Au | | killed by a | | gargoyle | | | | | | 2023 | *| * * * | * _________)/\\_//(\/(/\)/\//\/|_)_______ Goodbye galadriel the Priestess... You died in Sokoban on dungeon level 7 with 4161 points, and 276 pieces of gold, after 8119 moves. You were level 7 with a maximum of 43 hit points when you died.